 Dungeon Crawl Stone Soup version 0.29-a0-993-g4a18f31a58 (webtiles) character file.

Game seed: 1224532871612103526

9 zeratav the Stinger (level 2, 0/17 HPs)
             Began as an Octopode Venom Mage on Aug 3, 2022.
             Slain by an endoplasm (2 damage)
             ... on level 1 of the Dungeon.
             The game lasted 00:00:30 (513 turns).

zeratav the Stinger (Octopode Venom Mage)            Turns: 513, Time: 00:00:30

Health: 0/17       AC:  1    Str:  7    XL:     2   Next: 12%
Magic:  4/5        EV: 13    Int: 17    God:
Gold:   22         SH:  0    Dex: 12    Spells: 4/5 levels left

rFire   . . .      SeeInvis .   b - +0 short sword {short}
rCold   . . .      Faith    .   (no shield)
rNeg    . . .      Spirit   .   (helmet restricted)
rPois   .          Reflect  .   c - amulet of magic regeneration
rElec   .          Harm     .   (no ring)
rCorr   .          Rampage  .   (no ring)
Will    .....                   (no ring)
Stlth   +++.......              (no ring)
HPRegen 0.05/turn               (no ring)
MPRegen 0.49/turn               (no ring)
                                (no ring)
                                (no ring)

@: no status effects
A: almost no armour, amphibious, 8 rings, camouflage 1, gelatinous body 1,
(nimble swimmer 1), tentacles
a: no special abilities


You were on level 1 of the Dungeon.
You visited 1 branch of the dungeon, and saw 1 of its levels.

You collected 22 gold pieces.


Innate Abilities, Weirdness & Mutations

You cannot wear most types of armour.
You are amphibious.
You can wear up to eight rings at the same time.
Your skin changes colour to match your surroundings (Stealth+).
Your rubbery body absorbs attacks. (AC +1, EV +1)
((You are camouflaged when in or above water. (Stealth+)))
You have tentacles for arms and can constrict up to eight enemies at once.


   Skills:
 - Level 2.0 Dodging
 + Level 3.3 Stealth
 - Level 2.0 Spellcasting
 - Level 1.0 Transmutations
 + Level 4.0 Poison Magic


You had 4 spell levels left.
You knew the following spells:

 Your Spells              Type           Power      Damage    Failure   Level
a - Sting                 Tmut/Pois      40%        1d5       7%          1

Your spell library contained the following spells:

 Spells                   Type           Power      Damage    Failure   Level
 Poisonous Vapours        Pois/Air       16%        N/A       13%         2
 Mephitic Cloud           Conj/Pois/Air  6%         N/A       32%         3
 Olgreb's Toxic Radiance  Pois           15%        N/A       36%         4

Inventory:

Hand Weapons
 b - a +0 short sword (weapon) {short}
   (You took it off a kobold on level 1 of the Dungeon)
Jewellery
 c - an amulet of magic regeneration (around mantle)
   (You found it on level 1 of the Dungeon)
Scrolls
 d - a scroll of identify {unknown}
 e - a scroll of butterflies {unknown}
Potions
 a - a potion of magic

Dungeon Overview and Level Annotations

Branches:
Dungeon (1/15) Zot: 5485

Altars:

# #...# #
###.# ########
#...# .......#
########.###
.......#
#...##...#
.......#
#####.#.##.###
.......#
#.....#.##.#
.......#
#....)#....#
########
#...J@.=####
###+#l#.#
...#.#
.....#..
.......####
........
........
........


You could see an endoplasm and a frilled lizard.


Message History

A goblin is nearby!
A quokka comes into view.
The helpless goblin fails to defend itself.
You puncture the goblin!
You kill the goblin!
You closely miss the quokka. Your grab misses the quokka. The quokka bites you.
HP[-1]
You take 1 damage, and now have 10/11 hp.
You hit the quokka. You grab the quokka. You squeeze the quokka.
You kill the quokka!
Your Poison Magic skill increases to level 4!
You have reached level 2!
HP[+6] MP[+2]
You now have 17 max hp (+6).
You regained 6 hp, and now have 16/17 hp.
Your mp is fully restored (5).
d - a scroll labelled YLOHEU APEFO HP[+1]
Your hp is fully restored (17).
A rat comes into view.
A rat is nearby!
You hit the rat but do no damage. You grab the rat.
Your squeeze misses the rat. You constrict the rat. The rat closely misses you.
You hit the rat but do no damage. You constrict the rat.
You kill the rat!
No target in view!
No target in view!
No target in view!
No target in view!
No target in view!
No target in view!
No target in view!
No target in view!
No target in view!
No target in view!
No target in view!
No target in view!
You open the door.
There is an open door here.
Found a stone staircase leading down.
There is a stone staircase leading down here.
You open the door.
There is an open door here.
You now have 13 gold pieces.
You now have 22 gold pieces (gained 9).
You open the door.
There is an open door here.
e - a scroll labelled FYNNOT ILOFAWN A kobold and an endoplasm come into view.
The kobold shouts!
A frilled lizard comes into view.
The frilled lizard hisses angrily.
The kobold misses you.
The endoplasm quivers.
You hit the kobold.
You kill the kobold!
The endoplasm freezes you.
You are frozen.
HP[-1]
You take 1 damage, and now have 16/17 hp.
You hit the endoplasm. The endoplasm freezes you.
You are frozen.
HP[-5]
You take 5 damage, and now have 11/17 hp.
MASSIVE DAMAGE!! (PAUSE)
You barely miss the endoplasm. The frilled lizard barely misses you.
The endoplasm freezes you.
You are frozen.
* * * LOW HITPOINT WARNING * * *
The frilled lizard barely misses you. The endoplasm freezes you.
You are frozen.
* * * LOW HITPOINT WARNING * * *
You are too injured to fight recklessly!
You are too injured to fight recklessly!
You are too injured to fight recklessly!
HP[-9]
You take 9 damage, and now have 2/17 hp.
MASSIVE DAMAGE!! (PAUSE)
You are too injured to fight recklessly!
You are too injured to fight recklessly!
You are too injured to fight recklessly!
You are too injured to fight recklessly!
You are too injured to fight recklessly!
You are too injured to fight recklessly!
You are too injured to fight recklessly!
You are too injured to fight recklessly!
You are too injured to fight recklessly!
You are too injured to fight recklessly!
You are too injured to fight recklessly!
You are too injured to fight recklessly!
Casting: Sting (safe; 7% risk of failure)
Confirm with . or Enter, or press ? or * to list all spells.
Aiming: Sting (safe; 7% risk of failure)
Press: ? - help, Shift-Dir - straight line, f - endoplasm
Aim: an endoplasm (lightly wounded, 98% to hit)
The sting hits the endoplasm.
The endoplasm partially resists.
The frilled lizard barely misses you. The endoplasm hits you.
You die...

Skill      XL: |  1 |
---------------+----+-----
Stealth        | 3 |  3.3
Poison Magic   | 4 |  4.0
Dodging        | |  2.0
Spellcasting   | |  2.0
Transmutations | |  1.0

Action                   || total
-------------------------++-------
Melee: Short sword       ||    15
       Constrict         ||     4
       Tentacles         ||     1
 Cast: Sting             ||     5
 Stab: Sleeping          ||     3
Dodge: Dodged            ||     9

Levels and vault maps discovered:
D:1:      lemuel_arrival_rhombus, layout_basic

Notes
Turn   | Place    | Note
-------+----------+-------------------------------------------
     0 | D:1      | zeratav the Octopode Venom Mage began the quest for the
                  | Orb.
     0 | D:1      | Reached XP level 1. HP: 11/11 MP: 3/3
     0 | D:1      | magus.rc [v1.9.6]
   362 | D:1      | Reached skill level 3 in Stealth
   382 | D:1      | Reached skill level 4 in Poison Magic
   382 | D:1      | Reached XP level 2. HP: 16/17 MP: 5/5
   512 | D:1      | HP: 2/17 [frozen (5)]
   513 | D:1      | Slain by an endoplasm

Vanquished Creatures
  A giant cockroach (D:1)
  A quokka (D:1)
  A ball python (D:1)
  A frilled lizard (D:1)
  2 goblins (D:1)
  3 kobolds (D:1)
  A rat (D:1)
10 creatures vanquished.

Table legend:
 A = Non-vault XP
 B = Vault XP
 C = Vault XP percentage of total XP
 D = Non-vault monster count
 E = Vault monster count
 F = Vault count percentage of total count
                 A         B        C        D         E       F
            +---------+---------+-------+---------+---------+-------
      Total |      13 |       0 |   0.0 |      10 |       0 |   0.0
            +---------+---------+-------+---------+---------+-------
        D:1 |      13 |       0 |   0.0 |      10 |       0 |   0.0
            +---------+---------+-------+---------+---------+-------

Illustrated notes

Table legend:
 A = Kills in this place as a percentage of kills in entire the game.
 B = Kills by you in this place as a percentage of kills by you in the entire game.
 C = Kills by friends in this place as a percentage of kills by friends in the entire game.
 D = Other kills in this place as a percentage of other kills in the entire game.
 E = Experience gained in this place as a percentage of experience gained in the entire game.
 F = Experience gained in this place divided by the number of levels of this place that you have seen.
                   A       B       C       D       E      F
               +-------+-------+-------+-------+-------+----------------------
         Total | 100.0 | 100.0 |   N/A |   N/A | 100.0 |  13.0
       Dungeon | 100.0 | 100.0 |   N/A |   N/A | 100.0 |  13.0
               +-------+-------+-------+-------+-------+----------------------

Table legend: (Time is in decaauts)
 A = Elapsed time spent in this place.
 B = Non-inter-level travel time spent in this place.
 C = Inter-level travel time spent in this place.
 D = Time resting spent in this place.
 E = Time spent auto-exploring this place.
 F = Levels seen in this place.
 G = Mean time per level.
                   A        B        C        D        E       F      G
               +--------+--------+--------+--------+--------+-----+--------+
         Total |    514 |    514 |      0 |      0 |    440 |   1 |  514.0 |
       Dungeon |    514 |    514 |      0 |      0 |    440 |   1 |  514.0 |
               +--------+--------+--------+--------+--------+-----+--------+

Top non-repeatable levels by time:
     D:1: 514 daAuts
